 Dungeon Crawl Stone Soup version 0.31-a0-232-gb1c03b2570 (webtiles) character file.

Game seed: 7547007493358652104

168 qw the Shooter (level 5, -6/44 HPs)
             Began as a Minotaur Hexslinger on July 7, 2023.
             Killed by nerve-wracking pain
             ... invoked by an orc priest
              (14 damage)
             ... on level 4 of the Dungeon.
             The game lasted 00:00:55 (2375 turns).

qw the Shooter (Minotaur Hexslinger)                Turns: 2375, Time: 00:00:56

Health: -6/44      AC:  7    Str: 13    XL:     5   Next: 24%
Magic:  5/5        EV: 11    Int: 10    God:
Gold:   117        SH:  0    Dex: 14    Spells: 5/6 levels left

rFire   . . .        Y - +1 sling
rCold   . . .        (no shield)
rNeg    . . .        d - +0 ring mail
rPois   .            (helmet restricted)
rElec   .            b - +0 cloak
rCorr   .            i - +0 pair of gloves
SInv    .            (no boots)
Will    .....        (no amulet)
Stlth   +            (no ring)
HPRegen 0.27/turn    (no ring)
MPRegen 0.09/turn

%: no passive effects
@: no status effects
A: horns 2, retaliatory headbutt
a: no special abilities


You were on level 4 of the Dungeon.
You visited 1 branch of the dungeon, and saw 4 of its levels.

You collected 117 gold pieces.


Innate Abilities, Weirdness & Mutations

You have a pair of horns on your head.
You reflexively headbutt those who attack you in melee.


   Skills:
 + Level 2.9 Fighting
 - Level 5.2 Ranged Weapons
 - Level 1.5 Armour
 - Level 2.1 Dodging
 - Level 1.0 Spellcasting
 - Level 2.0 Hexes


You had 5 spell levels left.
You knew the following spells:

 Your Spells              Type           Power      Damage    Failure   Level
a - Slow                  Hex            16%        N/A       32%         1

Your spell library contained the following spells:

 Spells                   Type           Power      Damage    Failure   Level
 Inner Flame              Hex/Fire       2%         N/A       82%         3
 Portal Projectile        Hex/Tloc       4%         N/A       82%         3
 Cause Fear               Hex            2%         N/A       97%         4

Inventory:

Hand Weapons
 Y - a +1 sling (weapon)
Armour
 b - a +0 cloak (worn)
 d - a +0 ring mail (worn)
 i - a +0 pair of gloves (worn)
Scrolls
 e - a scroll of identify
Potions
 c - a potion of invisibility {unknown}

Dungeon Overview and Level Annotations

Branches:
Dungeon (4/15)
 Temple: D:4-7

Altars:


Message History

You kill the hobgoblin!
An orc wizard and 2 orc priests come into view.
The orc wizard shouts!
The orc priest shouts! x2
You see here a hobgoblin corpse.
You shoot a sling bullet. The sling bullet hits the orc priest!
The orc priest is heavily wounded.
The orc priest closely misses you.
You shoot a sling bullet. The sling bullet hits the orc priest!
The orc priest is almost dead.
The orc priest calls down the wrath of Beogh upon you.
Beogh smites you!
You shoot a sling bullet. The sling bullet hits the orc priest.
You kill the orc priest!
You shoot a sling bullet.
The sling bullet barely misses the orc wizard.
The orc wizard closely misses you.
The orc priest calls down the wrath of Beogh upon you.
Beogh smites you!
You shoot a sling bullet.
The sling bullet hits the orc wizard but does no damage.
The orc priest mumbles some strange prayers to Beogh against you.
Beogh smites you!
The orc wizard points at you and mumbles some strange words.
You resist with some effort.
You shoot a sling bullet.
The sling bullet hits the orc wizard but does no damage.
The orc wizard mumbles some strange words.
The orc wizard flickers and vanishes!
Deactivating autopickup; reactivate with Ctrl-A.
You shoot a sling bullet.
The sling bullet closely misses the orc priest.
The orc priest hits you with a +0 hand axe.
You hear some strange, mumbled words.
A puff of flame appears from out of thin air!
The puff of flame hits you.
You shoot a sling bullet. The sling bullet hits the orc priest!
The orc priest is heavily wounded.
The orc priest mumbles some strange prayers to Beogh against you.
Pain shoots through your body!
You die...

#... ......
#... .....
#.... #...#
#....##...#
#.........##
.......?...#
......o{...#
#@..#
####+###...##
#...........#
#...........#
#....%......#
#...........#
###..##....##
#..##.......
#...#......#


You could see an orc priest.

Vanquished Creatures
  A jelly (D:4)
  An orc priest (D:4)
  3 adders
  3 dart slugs
  9 bats
  7 endoplasms
  5 giant cockroaches
  4 goblins
  5 hobgoblins
  13 jackals
  4 ball pythons
  2 frilled lizards (D:3)
  10 kobolds
  5 rats
72 creatures vanquished.

Notes
Turn   | Place    | Note
-------+----------+-------------------------------------------
     0 | D:1      | qw the Minotaur Hexslinger began the quest for the Orb.
     0 | D:1      | Reached XP level 1. HP: 16/16 MP: 1/1
     0 | D:1      | 0 ||| qw: Version: 0.3-a-46-gb1f654a
     0 | D:1      | 0 ||| qw: Game counter: 2627
     0 | D:1      | 0 ||| qw: Melee chars always use a shield: true
     0 | D:1      | 0 ||| qw: God list: Okawaru
     0 | D:1      | 0 ||| qw: Allow faded altars: false
     0 | D:1      | 0 ||| qw: Do Orc after clearing Dungeon:15 true
     0 | D:1      | 0 ||| qw: Do second Lair branch before Depths: true
     0 | D:1      | 0 ||| qw: Lair rune preference: random
     0 | D:1      | 0 ||| qw: Goals: Normal
     0 | D:1      | 0 ||| PLANNING D:1-11
    53 | D:1      | Reached skill level 3 in Ranged Weapons
   140 | D:1      | Reached XP level 2. HP: 23/23 MP: 2/2
   650 | D:1      | Reached XP level 3. HP: 29/29 MP: 3/3
   796 | D:1      | 796 ||| UPGRADING to +0 ring mail.
   806 | D:1      | 806 ||| DROPPING +0 robe.
   807 | D:1      | 807 ||| UPGRADING to +0 pair of gloves.
   812 | D:1      | 812 ||| READING scroll labelled LUBEUR MICODY.
   813 | D:1      | 813 ||| READING scroll labelled EWEIFRYMMI.
   814 | D:1      | 814 ||| READING scroll labelled PEYVEI XYVIQ.
   815 | D:1      | 815 ||| READING scroll labelled GAJ ANNEVO.
   816 | D:1      | 816 ||| DROPPING scroll of poison.
  1146 | D:2      | Reached skill level 4 in Ranged Weapons
  1267 | D:2      | 1267 ||| UPGRADING to +0 cloak.
  1272 | D:2      | 1272 ||| READING scroll labelled XERROD RAKI.
  1588 | D:3      | Reached skill level 1 in Armour
  1595 | D:3      | Reached XP level 4. HP: 36/36 MP: 4/4
  2141 | D:3      | 2141 ||| DROPPING scarf of invisibility.
  2142 | D:3      | 2142 ||| READING 3 scrolls labelled QENAMU ARYDOKO.
  2143 | D:3      | 2143 ||| READING scroll labelled WOEQ JAENYN.
  2244 | D:3      | 2244 ||| READING scroll labelled QUMMOUP BAWKE.
  2245 | D:3      | 2245 ||| DROPPING 2 scrolls of fear.
  2272 | D:4      | 2272 ||| STAIRDANCE
  2353 | D:4      | Reached skill level 5 in Ranged Weapons
  2353 | D:4      | Reached XP level 5. HP: 41/41 MP: 5/5
  2374 | D:4      | HP: 11/44 [orc priest/+0 hand axe (6)]
  2375 | D:4      | Killed from afar by an orc priest

Levels and vault maps discovered:
D:1:      dpeg_arrival_houses_and_road, layout_loops_ring,
          dreamdust_wishing_well
D:2:      layout_rooms
D:3:      layout_loops_corners
D:4:      kennysheep_big_flooded_room, layout_gridville,
          makhleb_heckhound_becter

Skill      XL: |  1  2  3  4 |
---------------+-------------+-----
Ranged Weapons | 3 4 5 |  5.2
Fighting       | 2 |  2.9
Armour         | 1 |  1.5
Dodging        | |  2.1
Spellcasting   | |  1.0
Hexes          | |  2.0

Action                     |  1- 3 |  4- 6 || total
---------------------------+-------+-------++-------
   Fire: Sling             |   132 |    82 ||   214
    Use: Scroll            |     5 |     3 ||     8
 Armour: Robe              |     7 |       ||     7
         Ring mail         |    17 |    14 ||    31
  Dodge: Dodged            |    48 |    32 ||    80

Table legend:
 A = Non-vault XP
 B = Vault XP
 C = Vault XP percentage of total XP
 D = Non-vault monster count
 E = Vault monster count
 F = Vault count percentage of total count
                 A         B        C        D         E       F
            +---------+---------+-------+---------+---------+-------
      Total |     241 |       0 |   0.0 |      72 |       0 |   0.0
            +---------+---------+-------+---------+---------+-------
        D:1 |      47 |       0 |   0.0 |      26 |       0 |   0.0
        D:2 |      29 |       0 |   0.0 |      13 |       0 |   0.0
        D:3 |      66 |       0 |   0.0 |      25 |       0 |   0.0
        D:4 |      99 |       0 |   0.0 |       8 |       0 |   0.0
            +---------+---------+-------+---------+---------+-------
